 Dungeon Crawl Stone Soup version 0.28-a0-43-g560ac104fe (webtiles) character file.

Game seed: 3439547873610766416

106 Demosthentine the Poker (level 4, -1/35 HPs)
             Began as a Merfolk Gladiator on July 28, 2021.
             Slain by an iguana (3 damage)
             ... on level 3 of the Dungeon.
             The game lasted 00:01:31 (2705 turns).

Demosthentine the Poker (Merfolk Gladiator)         Turns: 2705, Time: 00:01:32

Health: -1/35      AC:  5    Str: 15    XL:     4   Next: 84%
Magic:  4/4        EV: 13    Int:  7    God:
Gold:   208        SH:  0    Dex: 15    Spells: 3/3 levels left

rFire   . . .      SeeInvis .   a - +0 trident
rCold   + . .      Faith    .   (no shield)
rNeg    . . .      Spirit   .   b - +0 leather armour
rPois   +          Reflect  .   c - +0 helmet
rElec   .          Harm     .   (no cloak)
rCorr   .          Rampage  .   g - +0 pair of gloves
Will    .....                   (no boots)
Stlth   +.........              (no amulet)
HPRegen 0.11/turn               e - ring of poison resistance
MPRegen 0.09/turn               f - ring of protection from cold

@: no status effects
A: (nimble swimmer 2), mertail
a: no special abilities


You were on level 3 of the Dungeon.
You visited 1 branch of the dungeon, and saw 3 of its levels.

You collected 208 gold pieces.

Inventory:

Hand Weapons
 a - a +0 trident (weapon)
Missiles
 d - 4 throwing nets (quivered)
Armour
 b - a +0 leather armour (worn)
 c - a +0 helmet (worn)
 g - a +0 pair of gloves (worn)
Jewellery
 e - a ring of poison resistance (left hand)
 f - a ring of protection from cold (right hand)
Scrolls
 h - 2 scrolls of identify {unknown}
 l - 3 scrolls of amnesia
Potions
 i - a potion of cancellation {unknown}
 j - a potion of flight {unknown}
 k - a potion of brilliance {unknown}
 m - a potion of ambrosia {unknown}


   Skills:
 + Level 3.2 Fighting
 + Level 5.5 Polearms
 - Level 2.0 Throwing
 + Level 1.2 Armour
 + Level 4.9 Dodging


You had 3 spell levels left.
You didn't know any spells.
Your spell library contained the following spells:

 Spells                   Type           Power      Damage    Failure   Level
 Stone Arrow              Conj/Erth      0%         3d7       86%         3
 Bolt of Magma            Conj/Fire/Erth 0%         4d4       100%        5
 Shatter                  Erth           0%         3d5*      100%        9


Dungeon Overview and Level Annotations

Branches:
Dungeon (3/15)

Altars:
Trog

Shops:
D:3 =:


Innate Abilities, Weirdness & Mutations

((You are quick and stealthy near water. (Stealth+, EV+, Speed+++)))
Your lower body shifts to a powerful aquatic tail in water.


Message History

The goblin shouts!
You hear a shout!
There are monsters nearby!
You reach to attack!
You hit the iguana.
The iguana is lightly wounded.
A kobold comes into view. It is wielding a +0 whip.
You hit the iguana.
The iguana is moderately wounded.
The iguana closely misses you.
There are monsters nearby!
You hit the iguana.
The iguana is heavily wounded.
The iguana bites you.
You hit the iguana but do no damage.
The iguana is heavily wounded.
The iguana bites you! The goblin closely misses you.
You hit the iguana but do no damage.
The iguana is heavily wounded.
The iguana misses you. The goblin hits you but does no damage.
The kobold hits you but does no damage.
You hit the iguana but do no damage.
The iguana is heavily wounded.
The iguana bites you. The goblin hits you but does no damage.
The kobold hits you with a +0 whip.
You are too injured to fight recklessly!
You are too injured to fight recklessly!
Unknown command.
The iguana misses you. The goblin misses you.
There is an open gate here.
You hit the iguana.
The iguana is almost dead.
The iguana bites you.
You barely miss the iguana.
The iguana is severely wounded.
The iguana bites you!
* * * LOW HITPOINT WARNING * * *
You barely miss the iguana.
The iguana is severely wounded.
The iguana bites you.
You die...

#...♣♣ ..♣ ##..♣♣
.. ###...♣ .
#.'...♣.#
#.'.....#
#K)...♣.#
#g#...♣..# #l##..♣
..# #@##...♣♣..#
#.###...♣♣.. #.#
#...♣ #.# #... #.#
#.. # #.# ##
#.######## ######.
#........###.#..#)
########..........


You could see an iguana, a goblin and a kobold.

Vanquished Creatures
  3 adders (D:3)
  3 worms (D:2)
  9 orcs (D:3)
  3 endoplasms (D:2)
  2 giant cockroaches
  3 goblins
  5 hobgoblins
  9 jackals
  A quokka (D:2)
  5 ball pythons
  3 bats (D:1)
  A frilled lizard (D:2)
  8 kobolds
  5 rats
60 creatures vanquished.

Notes
Turn   | Place    | Note
-------+----------+-------------------------------------------
     0 | D:1      | Demosthentine the Merfolk Gladiator began the quest for the
                  | Orb.
     0 | D:1      | Reached XP level 1. HP: 16/16 MP: 1/1
   510 | D:1      | Reached XP level 2. HP: 22/23 MP: 2/2
  1062 | D:2      | Reached XP level 3. HP: 21/28 MP: 3/3
  1213 | D:2      | Reached skill level 5 in Polearms
  1496 | D:2      | Found a bloodstained altar of Trog.
  1560 | D:2      | Found a faded altar of an unknown god.
  2020 | D:3      | Found Hetwyont's Book Shop.
  2033 | D:3      | Found Pipepsas's Jewellery Shoppe.
  2092 | D:3      | Reached skill level 1 in Armour
  2092 | D:3      | Reached XP level 4. HP: 35/35 MP: 4/4
  2705 | D:3      | Slain by an iguana

Illustrated notes

Levels and vault maps discovered:
D:1:      lightli_arrival_boilingwater, layout_basic
D:2:      layout_loops_ring, hellmonk_ecumenical_altar_heavens_door,
          basic_altar, minivault_25, bh_walls_and_bars
D:3:      layout_loops_ring, nicolae_overflow_hidden_temple, serial_shops,
          nicolae_lakefront_shop, shop, shop, shop_coins, shop,
          kennysheep_donut, minmay_circle_x, uniq_robin

Skill      XL: |  1  2  3 |
---------------+----------+-----
Polearms       | 5 |  5.5
Fighting       | 3 |  3.2
Armour         | 1 |  1.2
Throwing       | |  2.0
Dodging        | |  4.9

Action                   |  1- 3 |  4- 6 || total
-------------------------+-------+-------++-------
Melee: Trident           |   141 |    80 ||   221
  Use: Scroll            |     2 |       ||     2
 Stab: Sleeping          |     4 |     1 ||     5
Armor: Leather armour    |    23 |    14 ||    37
Dodge: Dodged            |    76 |    40 ||   116

Table legend: (Time is in decaauts)
 A = Elapsed time spent in this place.
 B = Non-inter-level travel time spent in this place.
 C = Inter-level travel time spent in this place.
 D = Time resting spent in this place.
 E = Time spent auto-exploring this place.
 F = Levels seen in this place.
 G = Mean time per level.
                   A        B        C        D        E       F      G
               +--------+--------+--------+--------+--------+-----+--------+
         Total |   2708 |   2658 |     50 |      0 |   2257 |   3 |  902.7 |
       Dungeon |   2708 |   2658 |     50 |      0 |   2257 |   3 |  902.7 |
               +--------+--------+--------+--------+--------+-----+--------+

Top non-repeatable levels by time:
     D:2: 1214 daAuts
     D:1: 789 daAuts
     D:3: 704 daAuts
